 Dungeon Crawl Stone Soup version 0.26-a0-737-g4e9f4955e2 (webtiles) character file.

Game seed: 12880559716678714965

20400 robertstho the Frost Mage (level 12, -3/92 HPs)
             Began as a Gnoll Ice Elementalist on Nov 4, 2020.
             Was an Elder of Sif Muna.
             Splashed by Nessos's acid (6 damage)
             ... on level 12 of the Dungeon.
             The game lasted 00:29:50 (14944 turns).

robertstho the Frost Mage (Gnoll Ice Elementalist) Turns: 14944, Time: 00:29:51

Health: -3/92      AC: 11    Str: 11    XL:     12   Next: 79%
Magic:  19/25      EV: 18    Int: 21    God:    Sif Muna [****..]
Gold:   696        SH:  8    Dex: 17    Spells: 14/29 levels left

rFire    . . .     SeeInvis .   a - staff of cold
rCold    + + .     Faith    .   P - +2 buckler {AC+3}
rNeg     . . .     Spirit   .   L - +0 troll leather armour
rPois    .         Reflect  .   o - +0 helmet
rElec    .         Harm     .   (no cloak)
rCorr    .         Rampage  .   K - +0 pair of gloves
MR       .....                  (no boots)
Stlth    ++++......             (no amulet)
HPRegen  0.65/turn              E - ring of protection from cold
MPRegen  0.19/turn              (no ring)

@: lethally poisoned (-3 -> -4), frozen ramparts, studying Dodging
A: distributed training, fangs 1, strong nose
a: Channel Magic, Forget Spell, Divine Exegesis, Renounce Religion


You were on level 12 of the Dungeon.
You worshipped Sif Muna.
Sif Muna was greatly pleased with you.
You visited 1 branch of the dungeon, and saw 12 of its levels.

You collected 750 gold pieces.
You spent 54 gold pieces at shops.

Inventory:

Hand Weapons
 n - a +1 short sword of protection
 y - a +2 hand axe of venom
 S - a +2 vorpal battleaxe
Missiles
 D - 14 poisoned darts (quivered)
Armour
 h - +0 steam dragon scales
 o - a +0 helmet (worn)
 K - a +0 pair of gloves (worn)
 L - a +0 troll leather armour (worn)
 P - a +2 buckler of protection (worn)
Magical Staves
 a - an uncursed staff of cold (weapon)
 x - an uncursed staff of fire
 O - an uncursed staff of air {unknown}
 R - an uncursed staff of earth {unknown}
Jewellery
 E - a ring of protection from cold (left hand)
 T - an uncursed amulet of faith
Wands
 m - a wand of flame (38)
 r - a wand of digging (5)
 t - a wand of iceblast (20)
 G - a wand of disintegration (13)
 J - a wand of paralysis (17)
 N - a wand of acid (10)
Scrolls
 b - 5 scrolls of teleportation
 c - a scroll of random uselessness {unknown}
 f - a scroll of fog {unknown}
 i - 3 scrolls of immolation {unknown}
 j - 4 scrolls of enchant weapon {unknown}
 p - 3 scrolls of blinking {unknown}
 v - a scroll of magic mapping {unknown}
 w - 11 scrolls of remove curse {unknown}
 z - 5 scrolls of fear {unknown}
 C - a scroll of enchant armour {unknown}
 I - 3 scrolls of acquirement {unknown}
 M - 2 scrolls of silence {unknown}
Potions
 d - a potion of stabbing
 e - a potion of resistance
 g - a potion of magic
 k - 2 potions of haste
 l - a potion of lignification
 q - 3 potions of might
 s - a potion of flight
 u - 2 potions of mutation
 A - a potion of heal wounds {unknown}
 B - 3 potions of curing
 F - 2 potions of cancellation {unknown}
 H - a potion of berserk rage {unknown}
Books
 Q - a manual of Dodging


   Skills:
 + Level 7.7 Fighting
 + Level 7.7 Short Blades
 + Level 7.7 Long Blades
 + Level 7.7 Axes
 + Level 7.7 Maces & Flails
 + Level 7.7 Polearms
 + Level 7.7 Staves
 + Level 7.7 Slings
 + Level 7.7 Bows
 + Level 7.7 Crossbows
 + Level 7.7 Throwing
 + Level 7.7 Armour
 + Level 9.3 Dodging
 + Level 8.8 Stealth
 + Level 7.7 Shields
 + Level 7.7 Unarmed Combat
 + Level 9.2 Spellcasting
 + Level 6.3 Conjurations
 + Level 6.3 Hexes
 + Level 6.3 Summonings
 + Level 6.3 Necromancy
 + Level 6.3 Translocations
 + Level 6.3 Transmutations
 + Level 6.3 Fire Magic
 + Level 9.6 Ice Magic
 + Level 6.3 Air Magic
 + Level 6.3 Earth Magic
 + Level 6.3 Poison Magic
 + Level 8.4 Invocations
 + Level 7.7 Evocations


You had 14 spell levels left.
You knew the following spells:

 Your Spells              Type           Power        Failure   Level
a - Freeze                Ice            ####         1%          1
b - Frozen Ramparts       Ice            ######       1%          3
c - Ozocubu's Armour      Ice            ######..     1%          3
d - Hailstorm             Conj/Ice       ######..     3%          4
e - Summon Ice Beast      Ice/Summ       ######..     3%          4

Your spell library contained the following spells:

 Spells                   Type           Power        Failure   Level
 Corona                   Hex            #####..      1%          1
 Summon Small Mammal      Summ           ####         1%          1
 Corpse Rot               Necr/Air       N/A          1%          2
 Ensorcelled Hibernation  Hex/Ice        ######       1%          2
 Sublimation of Blood     Necr           #####.....   1%          2
 Confusing Touch          Hex            #####...     1%          3
 Dazzling Flash           Conj/Hex       #####.       1%          3
 Summon Guardian Golem    Hex/Summ       #####...     1%          3
 Tukima's Dance           Hex            #####...     1%          3
 Airstrike                Air            #####.....   6%          4
 Dispel Undead            Necr           #####...     6%          4
 Agony                    Necr           #####...     19%         5
 Excruciating Wounds      Necr           #####.....   19%         5
 Summon Mana Viper        Hex/Summ       #####...     19%         5


Dungeon Overview and Level Annotations

Branches:
Dungeon (12/15)            Temple (0/1) D:6            Lair (0/6) D:11
    Orc: D:9-12

Altars:
Ashenzari
Dithmenos
Fedhas
Gozag
Nemelex Xobeh
Ru
Sif Muna
Vehumet
Xom
Yredelemnul

Shops:
D:8 *   D:10 }

Annotations:
D:5 2 runed translucent doors, dickylongcocking's ghost, novice MfIE
D:12 Nessos


Innate Abilities, Weirdness & Mutations

Your experience applies equally to all skills.
You have very sharp teeth.
Your uncanny sense of smell can sniff out nearby items.


Message History

Nessos shoots an arrow.
The arrow hits your ice beast!! The arrow melts your ice beast!
Your ice beast hits Nessos but does no damage.
It was a potion of curing.
You feel better.
Your ice beast disappears in a puff of smoke!
The wall freezes Nessos but do no damage.
Nessos unwields a +1 longbow of flaming.
It stops flaming.
Nessos hits your ice beast!
Your ice beast dies!
Nessos resists.
The wall freezes Nessos.
Nessos blinks!
Nessos wields a +1 longbow of flaming.
It bursts into flame!
Nessos shoots an arrow.
The arrow hits you!!
* * * LOW HITPOINT WARNING * * *
The arrow burns you.
You are poisoned.
* * * LOW HITPOINT WARNING * * *
Nessos zaps a wand.
The bolt of acid hits you!!
* * * LOW HITPOINT WARNING * * *
You are splashed with acid.
You die...

#### ##..##
#....##
###.<..#
#.....## .
##c....# ...
#...Y.##
....##Y....#
........@.##
..###.(.##
#(#####
#.....#
#...c..#
#........#
#...^....#
..........
..c........


You could see Nessos (fast, resistant) and 2 friendly ice beasts.

Vanquished Creatures
  A centaur warrior (D:11)
  2 two-headed ogres (D:11)
  An unseen horror (D:11)
  3 ugly things
  2 cyclopes
  A gargoyle (D:11)
  2 trolls
  A hornet (D:7)
  2 shadows (D:11)
  A wyvern (D:11)
  7 yaks
  The ghost of qwer1234 the Skirmisher, an amateur PaFi (D:3)
  Sigmund (D:3)
  A steam dragon (D:10)
  An insubstantial wisp (D:10)
  A water moccasin (D:11)
  5 orc warriors
  An ice beast (D:11)
  2 necrophages
  10 sky beasts
  A phantom (D:8)
  3 ogres
  7 centaurs
  6 bullfrogs
  A big kobold (D:7)
  4 scorpions
  A water moccasin skeleton (D:9)
  4 killer bees (D:11)
  A howler monkey (D:7)
  3 hounds
  5 orc priests
  6 orc wizards
  A bullfrog skeleton (D:8)
  A centaur skeleton (D:5)
  4 jellies
  Natasha (D:3)
  3 iguanas
  Ijyb (D:3)
  10 worker ants
  Terence (D:2)
  A nameless horror (D:7)
  3 hound skeletons
  2 worker ant zombies
  8 adders
  3 howler monkey skeletons
  A white imp (D:6)
  2 ufetubi
  An ooze (D:3)
  2 adder zombies
  An adder skeleton (D:6)
  6 leopard geckos
  40 orcs
  5 ball pythons
  9 giant cockroaches
  10 goblins
  6 hobgoblins
  2 jackals (D:6)
  12 kobolds
  2 quokkas
  6 bats
  A frilled lizard (D:5)
  A giant cockroach zombie (D:6)
  A leopard gecko skeleton (D:4)
  A quokka skeleton (D:7)
  6 rats
242 creatures vanquished.

Vanquished Creatures (collateral kills)
  2 two-headed ogres (D:11)
  A tengu warrior (D:11)
  4 ugly things (D:11)
  A deep elf mage (D:11)
  A troll (D:10)
  A centaur simulacrum (D:11)
  3 yaks (D:11)
  A redback (D:11)
  An acid dragon (D:11)
  An insubstantial wisp (D:10)
  3 ice beasts
  2 phantoms
  A sky beast (D:10)
  2 orc warriors (D:11)
  2 centaurs
  A bullfrog (D:10)
  A water moccasin zombie (D:11)
  A scorpion (D:11)
  8 wights (D:7)
  A jelly (D:11)
  A worker ant zombie (D:5)
  An ufetubus (D:7)
  A leopard gecko (D:11)
  4 orcs
  A giant cockroach (D:5)
46 creatures vanquished.

Vanquished Creatures (others)
  A white imp (D:6)
1 creature vanquished.

Grand Total: 289 creatures vanquished

Notes
Turn   | Place    | Note
-------+----------+-------------------------------------------
     0 | D:1      | robertstho the Gnoll Ice Elementalist began the quest for
                  | the Orb.
     0 | D:1      | Reached XP level 1. HP: 13/13 MP: 6/6
    40 | D:1      | Reached XP level 2. HP: 12/19 MP: 1/7
   800 | D:1      | Reached XP level 3. HP: 21/25 MP: 9/9
   945 | D:1      | Reached skill level 5 in Spellcasting
  1288 | D:2      | Noticed Terence
  1345 | D:1      | Learned a level 3 spell: Frozen Ramparts
  1349 | D:1      | Learned a level 3 spell: Ozocubu's Armour
  1797 | D:2      | Killed Terence
  1797 | D:2      | Reached skill level 1 in Fighting
  1797 | D:2      | Reached skill level 1 in Short Blades
  1797 | D:2      | Reached skill level 1 in Long Blades
  1797 | D:2      | Reached skill level 1 in Axes
  1797 | D:2      | Reached skill level 1 in Maces & Flails
  1797 | D:2      | Reached skill level 1 in Polearms
  1797 | D:2      | Reached skill level 1 in Staves
  1797 | D:2      | Reached skill level 1 in Slings
  1797 | D:2      | Reached skill level 1 in Bows
  1797 | D:2      | Reached skill level 1 in Crossbows
  1797 | D:2      | Reached skill level 1 in Throwing
  1797 | D:2      | Reached skill level 1 in Armour
  1797 | D:2      | Reached skill level 1 in Shields
  1797 | D:2      | Reached skill level 1 in Unarmed Combat
  1797 | D:2      | Reached skill level 1 in Invocations
  1797 | D:2      | Reached skill level 1 in Evocations
  2146 | D:2      | Reached XP level 4. HP: 32/32 MP: 11/11
  2275 | D:2      | Found a shimmering blue altar of Sif Muna.
  2275 | D:2      | Found a radiant altar of Vehumet.
  2276 | D:2      | Found a broken altar of Ashenzari.
  2533 | D:2      | Became a worshipper of Sif Muna the Loreminder
  2573 | D:3      | Noticed Sigmund
  2586 | D:3      | Killed Sigmund
  2586 | D:3      | Reached skill level 1 in Conjurations
  2586 | D:3      | Reached skill level 1 in Hexes
  2586 | D:3      | Reached skill level 1 in Summonings
  2586 | D:3      | Reached skill level 1 in Necromancy
  2586 | D:3      | Reached skill level 1 in Translocations
  2586 | D:3      | Reached skill level 1 in Transmutations
  2586 | D:3      | Reached skill level 1 in Fire Magic
  2586 | D:3      | Reached skill level 1 in Air Magic
  2586 | D:3      | Reached skill level 1 in Earth Magic
  2586 | D:3      | Reached skill level 1 in Poison Magic
  2586 | D:3      | Reached XP level 5. HP: 17/38 MP: 6/12
  2815 | D:3      | Found a sparkling altar of Nemelex Xobeh.
  2816 | D:3      | Found an opulent altar of Gozag.
  2909 | D:3      | Found a runed translucent door.
  2910 | D:3      | Noticed qwer1234's ghost (amateur PaFi)
  3021 | D:3      | Noticed Ijyb
  3034 | D:3      | Killed Ijyb
  3034 | D:3      | Reached XP level 6. HP: 28/44 MP: 9/13
  3437 | D:3      | Reached skill level 5 in Dodging
  3501 | D:3      | Noticed Natasha
  3505 | D:3      | Killed Natasha
  3505 | D:3      | Reached * piety under Sif Muna
  3876 | D:4      | Noticed a phantom
  3904 | D:3      | Learned a level 4 spell: Hailstorm
  3909 | D:3      | Learned a level 4 spell: Summon Ice Beast
  4134 | D:3      | Killed qwer1234's ghost
  4134 | D:3      | Reached XP level 7. HP: 33/50 MP: 5/15
  4921 | D:4      | Reached skill level 5 in Stealth
  4995 | D:5      | Entered Level 5 of the Dungeon
  5185 | D:5      | Reached XP level 8. HP: 33/57 MP: 13/16
  5375 | D:5      | Found a runed translucent door.
  5405 | D:5      | Noticed dickylongcocking's ghost (novice MfIE)
  5426 | D:5      | Found a runed translucent door.
  5614 | D:5      | Found a sacrificial altar of Ru.
  5996 | D:6      | Reached ** piety under Sif Muna
  6812 | D:6      | Found a staircase to the Ecumenical Temple.
  6913 | D:6      | Reached XP level 9. HP: 17/65 MP: 4/18
  7586 | D:7      | Found a shimmering altar of Xom.
  7744 | D:7      | Noticed a hornet
  7751 | D:7      | Killed a hornet
  7959 | D:7      | Noticed a cyclops
  8239 | D:7      | Found a blossoming altar of Fedhas.
  8373 | D:7      | Killed a cyclops
  8373 | D:7      | Reached skill level 5 in Invocations
  8801 | D:7      | Found a shadowy altar of Dithmenos.
  9017 | D:7      | Reached *** piety under Sif Muna
  9023 | D:7      | Reached XP level 10. HP: 73/73 MP: 17/20
  9622 | D:8      | Found Konutum's General Store.
  9699 | D:8      | Bought a scroll of amnesia for 42 gold pieces
  9699 | D:8      | Bought a scroll of noise for 12 gold pieces
  9788 | D:8      | Reached skill level 5 in Fighting
  9788 | D:8      | Reached skill level 5 in Short Blades
  9788 | D:8      | Reached skill level 5 in Long Blades
  9788 | D:8      | Reached skill level 5 in Axes
  9788 | D:8      | Reached skill level 5 in Maces & Flails
  9788 | D:8      | Reached skill level 5 in Polearms
  9788 | D:8      | Reached skill level 5 in Staves
  9788 | D:8      | Reached skill level 5 in Slings
  9788 | D:8      | Reached skill level 5 in Bows
  9788 | D:8      | Reached skill level 5 in Crossbows
  9788 | D:8      | Reached skill level 5 in Throwing
  9788 | D:8      | Reached skill level 5 in Armour
  9788 | D:8      | Reached skill level 5 in Shields
  9788 | D:8      | Reached skill level 5 in Unarmed Combat
  9788 | D:8      | Reached skill level 5 in Evocations
  9964 | D:8      | Found a basalt altar of Yredelemnul.
 11535 | D:10     | Entered Level 10 of the Dungeon
 11541 | D:10     | Reached skill level 5 in Conjurations
 11541 | D:10     | Reached skill level 5 in Hexes
 11541 | D:10     | Reached skill level 5 in Summonings
 11541 | D:10     | Reached skill level 5 in Necromancy
 11541 | D:10     | Reached skill level 5 in Translocations
 11541 | D:10     | Reached skill level 5 in Transmutations
 11541 | D:10     | Reached skill level 5 in Fire Magic
 11541 | D:10     | Reached skill level 5 in Air Magic
 11541 | D:10     | Reached skill level 5 in Earth Magic
 11541 | D:10     | Reached skill level 5 in Poison Magic
 11541 | D:10     | Reached XP level 11. HP: 83/83 MP: 21/23
 12124 | D:10     | Identified Fetet's Collected Works on Calling and Feathers
 12315 | D:10     | Found Ossam's Gadget Boutique.
 12718 | D:11     | Noticed a two-headed ogre
 12725 | D:11     | Killed a two-headed ogre
 12779 | D:11     | Reached **** piety under Sif Muna
 12940 | D:11     | Noticed a cyan ugly thing
 12951 | D:11     | Killed a cyan ugly thing
 13218 | D:11     | Killed an unseen horror
 13229 | D:11     | Noticed a centaur warrior
 13230 | D:11     | Noticed a red ugly thing
 13233 | D:11     | Noticed a green ugly thing
 13235 | D:11     | Reached XP level 12. HP: 43/87 MP: 8/24
 13425 | D:11     | Noticed a tengu warrior
 13439 | D:11     | Killed a tengu warrior
 13601 | D:11     | Noticed a two-headed ogre
 13609 | D:11     | Killed a two-headed ogre
 13895 | D:11     | Killed a centaur warrior
 14182 | D:11     | Noticed a two-headed ogre
 14193 | D:11     | Killed a two-headed ogre
 14322 | D:11     | Found a staircase to the Lair.
 14418 | D:11     | Noticed a two-headed ogre
 14425 | D:11     | Killed a two-headed ogre
 14933 | D:12     | Noticed Nessos
 14944 | D:12     | HP: 3/92 [Nessos/bolt of acid (20)]
 14944 | D:12     | Splashed by Nessos's acid

Illustrated notes

Levels and vault maps discovered:
D:1:      nzn_arrival_water_spiral, layout_basic
D:2:      layout_loops_corners, gammafunk_temple_overflow_claw,
          hangedman_decor_slide_cut, uniq_terence
D:3:      minmay_chambers_of_twos, layout_loops_ring,
          grunt_temple_overflow_opulence, ebering_ghost_reflecting_pool,
          minmay_misc_feat_secret_circle, hangedman_decor_points, uniq_natasha,
          uniq_sigmund, uniq_ijyb
D:4:      layout_rooms, minivault_27, kennysheep_generic_room_7
D:5:      layout_cave_pools, nicolae_ru_path_of_blood, ebering_ghost_sewer_f
D:6:      layout_cave_pods, minmay_temple_entry_trees
D:7:      layout_basic, kennysheep_mini_moat, grunt_dithmenos_smoke_and_mirrors,
          basic_altar, minmay_fountain_box
D:8:      layout_loops_ring, nicolae_overflow_hidden_temple, serial_shops,
          nicolae_shop_crystal
D:9:      layout_small_grid, minmay_misc_feat_rugged, minmay_liquid_box
D:10:     layout_irregular_city, serial_shops, shop, hangedman_misty_isle
D:11:     minmay_the_grid_octo_tiled_octocenter_mashed
          [minmay_the_grid_octo_horde, minmay_the_grid_octo_toaster,
          minmay_the_grid_octo_fan_narrow, minmay_the_grid_octo_checkered,
          minmay_the_grid_octo_prize_star, minmay_the_grid_square_5x5_meh,
          minmay_the_grid_square_5x5_comb,
          minmay_the_grid_square_5x5_almost_minimal,
          minmay_the_grid_square_5x5_eight], layout_gridville, st_stairs_13
D:12:     minmay_evil_eye, layout_cave_pools, orc_0_dummy, basic_altar,
          uniq_nessos

Skill      XL: |  1  2  3  4  5  6  7  8  9 10 11 12 |
---------------+-------------------------------------+-----
Spellcasting   | 5 6 7 8 9 |  9.2
Fighting       | 1 2 3 4 6 7 |  7.7
Short Blades   | 1 2 3 4 6 7 |  7.7
Long Blades    | 1 2 3 4 6 7 |  7.7
Axes           | 1 2 3 4 6 7 |  7.7
Maces & Flails | 1 2 3 4 6 7 |  7.7
Polearms       | 1 2 3 4 6 7 |  7.7
Staves         | 1 2 3 4 6 7 |  7.7
Slings         | 1 2 3 4 6 7 |  7.7
Bows           | 1 2 3 4 6 7 |  7.7
Crossbows      | 1 2 3 4 6 7 |  7.7
Throwing       | 1 2 3 4 6 7 |  7.7
Armour         | 1 2 3 4 6 7 |  7.7
Shields        | 1 2 3 4 6 7 |  7.7
Unarmed Combat | 1 2 3 4 6 7 |  7.7
Invocations    | 1 2 3 4 5 7 8 |  8.4
Evocations     | 1 2 3 4 6 7 |  7.7
Conjurations   | 1 2 3 4 5 6 |  6.3
Hexes          | 1 2 3 4 5 6 |  6.3
Summonings     | 1 2 3 4 5 6 |  6.3
Necromancy     | 1 2 3 4 5 6 |  6.3
Translocations | 1 2 3 4 5 6 |  6.3
Transmutations | 1 2 3 4 5 6 |  6.3
Fire Magic     | 1 2 3 4 5 6 |  6.3
Air Magic      | 1 2 3 4 5 6 |  6.3
Earth Magic    | 1 2 3 4 5 6 |  6.3
Poison Magic   | 1 2 3 4 5 6 |  6.3
Dodging        | 5 6 8 9 |  9.3
Stealth        | 5 6 7 8 |  8.8
Ice Magic      | 8 9 |  9.6

Action                   |  1- 3 |  4- 6 |  7- 9 | 10-12 || total
-------------------------+-------+-------+-------+-------++-------
Melee: Unarmed           |     6 |       |       |       ||     6
       Hand axe          |    31 |     6 |   203 |   168 ||   408
       Short sword       |     1 |    21 |       |       ||    22
       Bite              |       |     1 |    24 |    32 ||    57
       Punch             |       |       |     3 |     4 ||     7
       Staff             |       |       |       |    51 ||    51
 Cast: Freeze            |    18 |     2 |     3 |     1 ||    24
       Frozen Ramparts   |     1 |    12 |    38 |    63 ||   114
       Summon Ice Beast  |       |     1 |    27 |    81 ||   109
       Hailstorm         |       |       |       |     6 ||     6
Invok: Channel Magic     |       |       |     2 |     6 ||     8
Evoke: Wand              |       |       |       |     1 ||     1
  Use: Scroll            |       |       |     4 |     6 ||    10
       Potion            |       |       |       |     2 ||     2
 Stab: Sleeping          |     6 |     6 |     3 |     5 ||    20
       Distracted        |       |       |       |     1 ||     1
Armor: Robe              |     8 |     4 |    32 |    20 ||    64
       Troll leather arm |       |       |       |    30 ||    30
       Steam dragon scal |       |       |       |     1 ||     1
Dodge: Dodged            |    30 |    14 |   191 |   160 ||   395
Block: Buckler           |       |       |       |    30 ||    30

Table legend: (Time is in decaauts)
 A = Elapsed time spent in this place.
 B = Non-inter-level travel time spent in this place.
 C = Inter-level travel time spent in this place.
 D = Time resting spent in this place.
 E = Time spent auto-exploring this place.
 F = Levels seen in this place.
 G = Mean time per level.
                   A        B        C        D        E       F      G
               +--------+--------+--------+--------+--------+-----+--------+
         Total |  14983 |  14544 |    439 |   1879 |   9860 |  12 | 1248.6 |
       Dungeon |  14983 |  14544 |    439 |   1879 |   9860 |  12 | 1248.6 |
               +--------+--------+--------+--------+--------+-----+--------+

Top non-repeatable levels by time:
    D:11: 2315 daAuts
     D:6: 1837 daAuts
     D:3: 1558 daAuts
     D:7: 1506 daAuts
     D:9: 1502 daAuts
     D:2: 1308 daAuts
     D:1: 1255 daAuts
    D:10: 1029 daAuts
     D:5: 899 daAuts
     D:4: 895 daAuts
     D:8: 822 daAuts
    D:12: 53 daAuts
